 Dungeon Crawl Stone Soup version 0.31.0-11-ge490571c62 (webtiles) character file.

Game seed: 17127753766274827502

3015 ces the Magician (level 10, 0/90 HPs)
             Began as a Djinni Fire Elementalist on Feb 2, 2024.
             Was an Initiate of Gozag.
             Shot with a sling bullet by Joseph (4 damage)
             ... on level 7 of the Dungeon.
             The game lasted 00:27:19 (7396 turns).

ces the Magician (Djinni Fire Elementalist)         Turns: 7396, Time: 00:27:19

Health: 0/90       AC: 25    Str:  7    XL:     10   Next: 10%
Gold:   373        EV:  2    Int: 21    God:    Gozag SH:  0 Dex: 14

rFire   . . .        (no weapon)
rCold   . . .        (no shield)
rNeg    . . .        a - melded +0 robe
rPois   ∞            (helmet currently unavailable)
rElec   .            (cloak currently unavailable)
rCorr   .            (gloves currently unavailable)
SInv    .            (boots unavailable)
Will    ++...        (no amulet)
Stlth   +++          k - ring of willpower
HPRegen 1.15/turn    (no ring)
MPRegen 0.00/turn

%: random rage (3%), infuse magic (-1 HP)
@: tree-form
A: stationary, stasis, torment immunity, boosted hp, sickness immunity, (fire
resistance 2), (cold vulnerability 1), float, innate caster, HP casting, extra
vitality 1, berserk 1, regeneration 1, wild magic 1, (sturdy frame 1)
a: Renounce Religion, Potion Petition, Call Merchant, Bribe Branch


You were on level 7 of the Dungeon.
You worshipped Gozag.
Gozag was aware of your devotion.
You were a tree.
You visited 2 branches of the dungeon, and saw 8 of its levels.

You collected 501 gold pieces.
You spent 40 gold pieces at shops.
You paid 88 gold pieces to Gozag.

Inventory:

Armour
 a - a +0 robe (melded)
Jewellery
 h - a +6 ring of intelligence
 k - a ring of willpower (left branch)
 v - a ring of resist corrosion
Wands
 s - a wand of polymorph (9)
 t - a wand of flame (13)
Scrolls
 b - a scroll of immolation
 c - a scroll of fog
 d - a scroll of blinking {unknown}
 f - a scroll of enchant weapon {unknown}
 i - 2 scrolls of identify
 m - a scroll of vulnerability {unknown}
 p - a scroll of poison
 x - a scroll of teleportation
Potions
 e - 3 potions of magic
 g - 2 potions of might
 j - a potion of brilliance
 l - 4 potions of attraction {unknown}
 n - 2 potions of curing {unknown}
 o - a potion of enlightenment
 r - a potion of mutation
 u - a potion of haste {unknown}
 w - a potion of degeneration {unknown}


   Skills:
 + Level 7.8 Dodging
 + Level 6.4 Stealth
 * Level 7.9 Spellcasting
 * Level 7.9 Conjurations
 * Level 7.9 Hexes
   Level 0.0 Charms
 * Level 7.9 Summonings
 * Level 7.9 Necromancy
 * Level 7.9 Translocations
   Level 0.0 Transmutations
 * Level 7.9 Fire Magic
 * Level 7.9 Ice Magic
 * Level 7.9 Air Magic
 * Level 7.9 Earth Magic
 * Level 7.9 Alchemy


You knew the following spells:

 Your Spells              Type           Power      Damage    Failure   Level
a - Foxfire               Conj/Fire      100%       2x1d9     1%          1
b - Scorch                Fire           100%       2d9       1%          2
c - Volatile Blastmotes   Fire/Tloc      100%       2d18      1%          3
d - Inner Flame           Hex/Fire       52%        N/A       1%          3
e - Flame Wave            Conj/Fire      52%        2d13      5%          4
f - Shock                 Conj/Air       100%       1d9       1%          1
g - Mercury Vapours       Alch/Air       100%       N/A       1%          2
h - Blink                 Tloc           100%       N/A       1%          2
i - Cause Fear            Hex            26%        N/A       5%          4
Your spell library was empty.

Dungeon Overview and Level Annotations

Branches:
Dungeon (7/15)             Temple (1/1) D:6

Altars:
Ashenzari
Cheibriados
Dithmenos
Elyvilon
Fedhas
Gozag
Hepliaklqana
Makhleb
Nemelex Xobeh
Okawaru
Qazlal
Ru
Trog
Uskayaw
Wu Jian
Xom
Yredelemnul
Zin
The Shining One

Shops:
D:7 ?

Annotations:
D:6 Maggie
D:7 Joseph


Innate Abilities, Weirdness & Mutations

You are a tree.
Your roots penetrate the ground, keeping you stationary.
You cannot be teleported.
You are immune to unholy pain and torment.
Your maximum health is greatly increased.
Your equipment is partially melded.
You are immune to sickness and miasma.
You are immune to poison.
((Your flesh is very heat resistant. (rF++)))
((You are vulnerable to cold. (rC-)))
You float through the air rather than walking.
You learn spells naturally, not from books.
Your magical power is your life essence.
You have superior vitality. (+4 MHP)
You sometimes lose your temper in combat.
Your natural rate of healing is unusually fast.
Your spells are a little harder to cast, but a little more powerful.
((Your movements are slightly less encumbered by armour. (ER -2)))


Message History

What are your orders? t - Shout!
Orders for allies: a - Attack new target. p - Attack previous target. r - Retreat! s - Stop attacking. g - Guard the area. f - Follow me.
Anything else - Cancel.
Okay, then.
The bullfrog hits you! The bullfrog misses you.
There is an open door here.
The bullfrog attacks as it pursues you! The bullfrog misses you.
The bullfrog barely misses you. The bullfrog attacks as it pursues you!
The bullfrog hits you.
The bullfrog snags a nearby small bird with its tongue.
The bullfrog closely misses you. The bullfrog attacks as it pursues you!
The bullfrog misses you. The bullfrog closely misses you.
Casting: Shock (safe; 1% risk of failure)
Confirm with . or Enter, or press ? or * to list all spells.
You conjure some foxfire!
The bullfrog hits you. The bullfrog misses you.
The foxfire hits the bullfrog.
The bullfrog is heavily wounded.
The foxfire hits the bullfrog.
The bullfrog is heavily wounded.
Joseph shoots a sling bullet.
The sling bullet hits you!!
You are electrocuted!!
* * * LOW HITPOINT WARNING * * *
Okay, then.
Okay, then.
Okay, then.
Casting: Foxfire (safe; 1% risk of failure)
Confirm with . or Enter, or press ? or * to list all spells.
You don't have enough health to cast this spell.
Okay, then.
Okay, then.
You turn into a tree.
Your +0 robe melds into your body.
Your roots penetrate the ground.
The bullfrog hits you.
* * * LOW HITPOINT WARNING * * *
Joseph shoots a sling bullet.
The sling bullet hits you.
You die...
Your body crumbles into a pile of gold.

........####..####.##..##'##...##
..........#.....#.......#........
..........#.....#......@'........
..........'.....'.......#........
+#######'###....##.....##........
....##....##....##.....##......##
.......................##...[..##
....................>..#)......#.
................♣F.....#.......#.
....#..######...####...##....@.#.
#######...###...####...##...##.##
#.....#......#....#######.##
#.^...#......#....#....#....
#.....'......#....#.<$.#....
#.....#......#....#...o#....
##...###..##.#..#.####.####.
#######..######### .# #.


You could see Joseph and a bullfrog.

Vanquished Creatures
  2 kobold demonologists (D:6)
  Menkaure (D:7)
  3 water moccasins (D:7)
  An orc warrior (D:6)
  3 ice beasts
  2 black bears
  3 ogres
  A centaur (D:7)
  A phantom (D:5)
  A kobold brigand (D:6)
  2 bullfrogs
  A scorpion (D:5)
  2 bombardier beetles (D:4)
  4 hounds
  3 jellies
  A gnoll bouda (D:7)
  2 orc priests (D:5)
  2 sleepcaps
  Ijyb (D:4)
  An iguana (D:4)
  Natasha (thrice) (D:4)
  3 orc wizards (D:5)
  6 gnolls
  7 adders
  4 ufetubi
  20 orcs
  5 bats
  6 endoplasms
  4 giant cockroaches
  6 goblins
  6 hobgoblins
  4 jackals
  8 kobolds
  3 quokkas
  7 ball pythons
  3 frilled lizards
  4 rats
136 creatures vanquished.

Vanquished Creatures (others)
  199 foxfires
199 creatures vanquished.

Grand Total: 335 creatures vanquished

Notes
Turn   | Place    | Note
-------+----------+-------------------------------------------
     0 | D:1      | ces the Djinni Fire Elementalist began the quest for the
                  | Orb.
     0 | D:1      | ces set off with the following spells memorised: Foxfire,
                  | Scorch, Volatile Blastmotes, Inner Flame, Flame Wave.
     0 | D:1      | Reached XP level 1. HP: 15/15 MP: 0/0
    57 | D:1      | Reached XP level 2. HP: 18/21 MP: 0/0
   439 | D:1      | Reached XP level 3. HP: 18/25 MP: 0/0
   439 | D:1      | Learned a level 1 spell: Shock
  1316 | D:2      | Reached XP level 4. HP: 30/31 MP: 0/0
  1340 | D:2      | Gained mutation: You are clumsy. (Dex -2) [potion of
                  | mutation]
  1340 | D:2      | Gained mutation: You do not regenerate when monsters are
                  | visible. [potion of mutation]
  1340 | D:2      | Gained mutation: You passively dampen the noise of your
                  | surroundings. [potion of mutation]
  1341 | D:2      | Lost mutation: You passively dampen the noise of your
                  | surroundings. [potion of mutation]
  1341 | D:2      | Lost mutation: You are clumsy. (Dex -2) [potion of
                  | mutation]
  1341 | D:2      | Gained mutation: You are dopey. (Int -2) [potion of
                  | mutation]
  1341 | D:2      | Lost mutation: You are dopey. (Int -2) [potion of mutation]
  2558 | D:3      | Found the +6 shillelagh "Devastator" {shatter}
  2704 | D:4      | Lost mutation: You do not regenerate when monsters are
                  | visible. [potion of mutation]
  2704 | D:4      | Gained mutation: Your natural rate of healing is unusually
                  | fast. [potion of mutation]
  2704 | D:4      | Gained mutation: Your movements are slightly less
                  | encumbered by armour. (ER -2) [potion of mutation]
  2704 | D:4      | Gained mutation: You sometimes lose your temper in combat.
                  | [potion of mutation]
  2704 | D:4      | Gained mutation: Your spells are a little harder to cast,
                  | but a little more powerful. [potion of mutation]
  2706 | D:4      | Reached XP level 5. HP: 12/35 MP: 0/0
  2706 | D:4      | Learned a level 2 spell: Mercury Vapours
  2872 | D:4      | Found an ornate altar of the Wu Jian Council.
  2974 | D:4      | Reached XP level 6. HP: 40/40 MP: 0/0
  2988 | D:4      | Noticed Natasha
  2997 | D:4      | Killed Natasha
  3066 | D:4      | Noticed Natasha
  3073 | D:4      | Killed Natasha
  3180 | D:4      | Noticed Natasha
  3185 | D:4      | Killed Natasha
  3379 | D:4      | Noticed Ijyb
  3394 | D:4      | Killed Ijyb
  3395 | D:4      | Reached XP level 7. HP: 33/45 MP: 0/0
  3395 | D:4      | Learned a level 2 spell: Blink
  3478 | D:5      | Entered Level 5 of the Dungeon
  3532 | D:5      | Reached skill level 5 in Spellcasting
  3532 | D:5      | Reached skill level 5 in Conjurations
  3532 | D:5      | Reached skill level 5 in Hexes
  3532 | D:5      | Reached skill level 5 in Summonings
  3532 | D:5      | Reached skill level 5 in Necromancy
  3532 | D:5      | Reached skill level 5 in Translocations
  3532 | D:5      | Reached skill level 5 in Fire Magic
  3532 | D:5      | Reached skill level 5 in Ice Magic
  3532 | D:5      | Reached skill level 5 in Air Magic
  3532 | D:5      | Reached skill level 5 in Earth Magic
  3532 | D:5      | Reached skill level 5 in Alchemy
  3733 | D:5      | Reached skill level 5 in Dodging
  3744 | D:5      | Reached XP level 8. HP: 50/50 MP: 0/0
  3803 | D:5      | Found a sparkling altar of Nemelex Xobeh.
  4374 | D:5      | Found a sacrificial altar of Ru.
  4693 | D:6      | Reached skill level 5 in Stealth
  4693 | D:6      | Reached XP level 9. HP: 31/55 MP: 0/0
  4693 | D:6      | Learned a level 4 spell: Cause Fear
  4824 | D:6      | Found a staircase to the Ecumenical Temple.
  4833 | D:6      | Noticed a kobold demonologist
  4835 | D:6      | Noticed a kobold demonologist
  4851 | D:6      | Noticed an ice devil
  4852 | D:6      | Killed a kobold demonologist
  4854 | D:6      | Noticed a hellwing
  5116 | D:6      | Noticed an ice devil
  5128 | Temple   | Entered the Ecumenical Temple
  5137 | Temple   | Became a worshipper of Gozag Ym Sagoz the Greedy
  5151 | D:6      | Noticed a red devil
  5187 | D:6      | Killed a kobold demonologist
  5441 | D:6      | Identified the +0 leather armour "Vauvos" {rCorr SInv}
  5612 | D:6      | Noticed Maggie
  7110 | D:7      | Found Izaowniulaf's Magic Scroll Shoppe.
  7115 | D:7      | Bought a scroll of identify for 20 gold pieces
  7115 | D:7      | Bought a scroll of identify for 20 gold pieces
  7172 | D:7      | Reached XP level 10. HP: 55/60 MP: 0/0
  7322 | D:7      | Noticed Menkaure
  7327 | D:7      | Killed Menkaure
  7368 | D:7      | Noticed Joseph
  7395 | D:7      | HP: 2/60 [Joseph/sling bullet (18)]
  7396 | D:7      | Shot with a sling bullet by Joseph

Illustrated notes

Levels and vault maps discovered:
D:1:      dpeg_arrival_refuge, layout_basic, serial_bayou, serial_bayou_pond_d,
          serial_bayou_shore_b, serial_bayou_pond_a, serial_bayou_lake_a,
          chequers_serial_rivers_small_b, minmay_misc_feat_roman,
          feat_on_display
D:2:      layout_basic, kennysheep_another_room
D:3:      minmay_spotlight, layout_basic
D:4:      layout_layer_cave, nicolae_wu_jian_wuxing_cycle, uniq_natasha,
          uniq_ijyb
D:5:      layout_basic, mainiacjoe_overflow_alcove_2, nemelex_dance_club_becter
D:6:      layout_loops_ring, lemuel_blue_sif_altar, minmay_temple_entry_arrows,
          nicolae_zig_zag_zippers, uniq_maggie
D:7:      layout_gridville, serial_shops, nicolae_square_shop, uniq_menkaure,
          uniq_joseph
Temple:   dpeg_three_leaves_temple

Skill      XL: |  1  2  3  4  5  6  7  8  9 |
---------------+----------------------------+-----
Stealth        | 2 3 4 5 6 |  6.4
Dodging        | 3 4 5 6 7 |  7.8
Spellcasting   | 4 5 6 7 |  7.9
Conjurations   | 4 5 6 7 |  7.9
Hexes          | 4 5 6 7 |  7.9
Summonings     | 4 5 6 7 |  7.9
Necromancy     | 4 5 6 7 |  7.9
Translocations | 4 5 6 7 |  7.9
Fire Magic     | 4 5 6 7 |  7.9
Ice Magic      | 4 5 6 7 |  7.9
Air Magic      | 4 5 6 7 |  7.9
Earth Magic    | 4 5 6 7 |  7.9
Alchemy        | 4 5 6 7 |  7.9

Action                     |  1- 3 |  4- 6 |  7- 9 | 10-12 || total
---------------------------+-------+-------+-------+-------++-------
  Melee: Unarmed           |       |       |     2 |       ||     2
   Cast: Foxfire           |    18 |    14 |    92 |    10 ||   134
         Scorch            |     9 |     2 |       |       ||    11
         Shock             |    42 |    93 |   192 |    26 ||   353
         Mercury Vapours   |       |     2 |     1 |       ||     3
         Volatile Blastmot |       |     1 |     5 |       ||     6
         Inner Flame       |       |       |     1 |       ||     1
         Cause Fear        |       |       |    10 |       ||    10
         Flame Wave        |       |       |     4 |       ||     4
    Use: Potion            |       |     3 |     3 |     1 ||     7
         Scroll            |       |     4 |     7 |       ||    11
 Armour: Robe              |     3 |    25 |    73 |    11 ||   112
         Skin              |       |       |    28 |     2 ||    30
  Dodge: Dodged            |     8 |    25 |   103 |    20 ||   156
